 Dungeon Crawl Stone Soup version 0.30-a0-561-g1b0378597e (webtiles) character file.

Game seed: 11948171450622289687

99 M4edhros the Cudgeller (level 4, 0/26 (33) HPs)
             Began as an Octopode Chaos Knight on Dec 28, 2022.
             Was a Plaything of Xom.
             Killed themself with a badly aimed iceblast (10 damage)
             ... on level 4 of the Dungeon.
             The game lasted 00:06:48 (23800 turns).

M4edhros the Cudgeller (Octopode Chaos Knight)     Turns: 23800, Time: 00:06:48

HP:   0/26 (33)     AC:  1    Str:  8 (11) XL:     4   Next: 72%
MP:   0/4           EV: 13    Int: 10      God:    Xom [.*....]
Gold: 112           SH:  4    Dex: 12 (13) Spells: 3/3 levels left

rFire   . . .      SeeInvis .    a - +0 mace (chaos)
rCold   + . .      Faith    .    (no shield)
rNeg    . . .      Spirit   .    (helmet restricted)
rPois   .          Reflect  .    (no amulet)
rElec   .          Harm     .    (no ring)
rCorr   .          Rampage  .    (no ring)
Will    .....                    (no ring)
Stlth   ++                       (no ring)
HPRegen 0.24/turn                (no ring)
MPRegen 0.09/turn                (no ring)
                                 (no ring)
                                 (no ring)

@: heavily drained, unable to read
A: almost no armour, amphibious, 8 rings, camouflage 1, gelatinous body 1,
(nimble swimmer 1), tentacles, large bone plates 1, cold resistance 1, dopey 2,
wild magic 2, inability to read after injury 2, MP-powered wands
a: Renounce Religion


You were on level 4 of the Dungeon.
You worshipped Xom.
You were a plaything of Xom.
You visited 1 branch of the dungeon, and saw 5 of its levels.

You collected 112 gold pieces.

Inventory:

Hand Weapons
 a - a +0 mace of chaos (weapon)
Missiles
 i - 6 poisoned darts
Armour
 m - a +0 robe
 n - a +0 ring mail
Wands
 o - a wand of iceblast (10)
Scrolls
 c - 8 scrolls of identify {unknown}
 e - a scroll of fog {unknown}
 j - 3 scrolls of immolation {unknown}
 k - a scroll of amnesia
Potions
 d - a potion of might
 f - 2 potions of haste {unknown}
 g - a potion of magic {unknown}
 h - a potion of degeneration {unknown}
Miscellaneous
 b - a piece from Xom's chessboard (15/15) (quivered)


   Skills:
 + Level 3.7 Fighting
 * Level 4.3 Maces & Flails
 + Level 3.1 Dodging


You had 3 spell levels left.
You didn't know any spells.
Your spell library contained the following spells:

 Spells                   Type           Power      Damage    Failure   Level
 Kiss of Death            Conj/Necr      0%         2d5       54%         1
 Cigotuvi's Dreadful Rot  Necr/Pois/Air  0%         N/A       67%         2
 Poisonous Vapours        Pois/Air       0%         N/A       67%         2
 Confusing Touch          Hex            0%         N/A       87%         3
 Mephitic Cloud           Conj/Pois/Air  0%         N/A       87%         3
 Ozocubu's Armour         Ice            0%         N/A       87%         3
 Dispel Undead            Necr           0%         3d6       99%         4
 Metabolic Englaciation   Hex/Ice        0%         N/A       100%        5
 Simulacrum               Ice/Necr       0%         N/A       100%        6


Dungeon Overview and Level Annotations

Branches:
Dungeon (5/15)
 Temple: D:4-7

Altars:
Xom


Innate Abilities, Weirdness & Mutations

You cannot wear most types of armour.
You are amphibious.
You can wear up to eight rings at the same time.
Your skin changes colour to match your surroundings (Stealth+).
Your rubbery body absorbs attacks. (AC +1, EV +1)
((You are camouflaged when in or above water. (Stealth+)))
You have tentacles for arms and can constrict up to eight enemies at once.
You are partially covered in large bone plates. (SH +4)
Your flesh is cold resistant. (rC+)
You are very dopey. (Int -4)
Your spells are harder to cast, but more powerful.
You sometimes lose the ability to read scrolls when taking damage.
You expend magic power (3 MP) to strengthen your wands.


Message History

Reactivating autopickup.
There is a stone staircase leading down here.
The orc attacks as you move away! The orc hits you with a +0 club.
Something hits you.
* * * LOW HITPOINT WARNING * * *
Deactivating autopickup; reactivate with Ctrl-A.
The orc attacks as you move away! The orc closely misses you.
Something completely misses you. The orc attacks as you move away!
The orc hits you with a +0 club.
* * * LOW HITPOINT WARNING * * *
You hear some strange, mumbled words.
Something tries to affect you, but you resist.
You feel better.
Aiming: Iceblast
Press: ? - help, Shift-Dir - straight line, f - orc
Aim: an orc, wielding a +2 hand axe of freezing and wearing a +0 ring mail
Okay, then.
You hear some strange, mumbled words.
Something tries to affect you, but you resist.
Aiming: Iceblast
Press: ? - help, Shift-Dir - straight line You feel a slight surge of power.
The mass of ice explodes!
The iceblast engulfs the orc!
You kill the orc!
Aiming: Iceblast
Press: ? - help, Shift-Dir - straight line, f - orc
Aim: an orc, wielding a +0 club and wearing a +0 leather armour The mass of ice explodes!
The iceblast engulfs something!
The iceblast engulfs the orc.
The orc is severely wounded.
You don't have any such object.
Evoke which item? (* to show all) (? for menu, Esc to quit)
Aiming: Iceblast
Press: ? - help, Shift-Dir - straight line, p - orc The mass of ice explodes!
The iceblast engulfs something.
Reactivating autopickup.
You feel a bit more experienced. The iceblast engulfs you!
You partially resist.
You die...
Xom chortles!

# ### ...####.### #####
######## ..........#
#...###....... #......>.o#
##............ .......##)##
##.##........
.......#..)#####...#........
.........#.@.....#..........
......##...#####...#.......#
...... ##.## ##.##......##
.....# #. #.#......## ....#
#. #.###...## #. #.# #### #.
##.## ##...#####...##
#..#.......#..#


You could see an orc.

Vanquished Creatures
  An orc wizard (D:4)
  2 adders (D:2)
  2 worms
  2 dart slugs (D:2)
  7 orcs
  3 ball pythons
  10 endoplasms
  2 giant cockroaches (D:2)
  3 goblins
  7 hobgoblins
  7 kobolds
  2 quokkas
  3 bats
  6 frilled lizards
  3 rats
60 creatures vanquished.

Vanquished Creatures (others)
  An orc zombie (D:3)
  2 plants (D:1)
3 creatures vanquished.

Grand Total: 63 creatures vanquished

Notes
Turn   | Place    | Note
-------+----------+-------------------------------------------
     0 | D:1      | M4edhros the Octopode Chaos Knight began the quest for the
                  | Orb.
     0 | D:1      | Reached XP level 1. HP: 16/16 MP: 1/1
     2 | D:1      | XOM: silly message
    89 | D:1      | Reached XP level 2. HP: 8/21 MP: 2/2
   219 | D:2      | XOM: silly message
   232 | D:2      | XOM: smoke on damage
   236 | D:2      | Reached XP level 3. HP: 17/26 MP: 3/3
   344 | D:2      | XOM: silly message
   646 | D:1      | XOM: give mutations
   646 | D:1      | Gained mutation: You occasionally shout uncontrollably at
                  | your foes. [Xom's mischief]
   646 | D:1      | Gained mutation: You occasionally lose the ability to read
                  | scrolls when taking damage. [Xom's mischief]
   646 | D:1      | Gained mutation: Your body sometimes deteriorates upon
                  | taking damage. [Xom's mischief]
   867 | D:1      | Reached XP level 4. HP: 31/31 MP: 4/4
   869 | D:1      | Reached skill level 4 in Maces & Flails
   881 | D:1      | XOM: noise
  1651 | D:1      | XOM: scenery: create altars
  1675 | D:1      | XOM: give mutations
  1675 | D:1      | Gained mutation: You are dopey. (Int -2) [Xom's mischief]
  1675 | D:1      | Lost mutation: You occasionally lose the ability to read
                  | scrolls when taking damage. [Xom's mischief]
  1675 | D:1      | Gained mutation: You frequently scream uncontrollably at
                  | your foes. [Xom's mischief]
  2145 | D:1      | XOM: divination: detect creatures
  2581 | D:1      | XOM: give mutations
  2581 | D:1      | Gained mutation: Your body often deteriorates upon taking
                  | damage. [Xom's mischief]
  2581 | D:1      | Gained mutation: You possess an exceptional clarity of
                  | mind. [Xom's mischief]
  2581 | D:1      | Gained mutation: You are very dopey. (Int -4) [Xom's
                  | mischief]
  2825 | D:1      | XOM: give mutations
  2825 | D:1      | Lost mutation: You possess an exceptional clarity of mind.
                  | [Xom's mischief]
  2825 | D:1      | Gained mutation: You expend magic power (3 MP) to
                  | strengthen your wands. [Xom's mischief]
  3058 | D:1      | XOM: give mutations
  3058 | D:1      | Lost mutation: You frequently scream uncontrollably at your
                  | foes. [Xom's mischief]
  3058 | D:1      | Gained mutation: You are clumsy. (Dex -2) [Xom's mischief]
  3058 | D:1      | Lost mutation: You occasionally shout uncontrollably at
                  | your foes. [Xom's mischief]
  3058 | D:1      | Gained mutation: You are weak. (Str -2) [Xom's mischief]
  3420 | D:1      | XOM is BORED!
  3420 | D:1      | XOM: noise
  3675 | D:1      | XOM is BORED!
  4691 | D:1      | XOM: summons 3 hostile demons
  5546 | D:1      | XOM: stat loss: -1 Int (9/10)
  5783 | D:1      | XOM: draining
  5831 | D:1      | XOM: summons 3 hostile demons
  6391 | D:1      | XOM: give mutations
  6391 | D:1      | Lost mutation: You are clumsy. (Dex -2) [Xom's mischief]
  6391 | D:1      | Lost mutation: Your body often deteriorates upon taking
                  | damage. [Xom's mischief]
  6391 | D:1      | Gained mutation: You occasionally lose the ability to read
                  | scrolls when taking damage. [Xom's mischief]
  6468 | D:1      | XOM: give mutations
  6468 | D:1      | Gained mutation: You occasionally shout uncontrollably at
                  | your foes. [Xom's mischief]
  6468 | D:1      | Lost mutation: You are weak. (Str -2) [Xom's mischief]
  6468 | D:1      | Gained mutation: You are vulnerable to cold. (rC-) [Xom's
                  | mischief]
  6468 | D:1      | Lost mutation: You expend magic power (3 MP) to strengthen
                  | your wands. [Xom's mischief]
  6774 | D:1      | XOM is BORED!
  6774 | D:1      | XOM: give mutations
  6774 | D:1      | Lost mutation: You are very dopey. (Int -4) [Xom's
                  | mischief]
  6774 | D:1      | Gained mutation: You have very sharp teeth. [Xom's
                  | mischief]
  6781 | D:1      | XOM: noise
  7277 | D:1      | XOM: summons 2 hostile shadow creatures
  7413 | D:1      | XOM: give mutations
  7413 | D:1      | Gained mutation: You occasionally lose the ability to drink
                  | potions when taking damage. [Xom's mischief]
  7413 | D:1      | Lost mutation: You have very sharp teeth. [Xom's mischief]
  7413 | D:1      | Gained mutation: Your body often deteriorates upon taking
                  | damage. [Xom's mischief]
  7628 | D:1      | XOM: give mutations
  7628 | D:1      | Gained mutation: You are weak. (Str -2) [Xom's mischief]
  7628 | D:1      | Lost mutation: You are weak. (Str -2) [Xom's mischief]
  7628 | D:1      | Lost mutation: You are vulnerable to cold. (rC-) [Xom's
                  | mischief]
  7628 | D:1      | Gained mutation: Your flesh is cold resistant. (rC+) [Xom's
                  | mischief]
  8259 | D:1      | XOM: summons 3 hostile demons
  8316 | D:2      | XOM: give mutations
  8316 | D:2      | Gained mutation: You frequently scream uncontrollably at
                  | your foes. [Xom's mischief]
  8316 | D:2      | Lost mutation: You occasionally lose the ability to drink
                  | potions when taking damage. [Xom's mischief]
  8316 | D:2      | Gained mutation: You are clumsy. (Dex -2) [Xom's mischief]
  8316 | D:2      | Gained mutation: You are very clumsy. (Dex -4) [Xom's
                  | mischief]
  8643 | D:1      | XOM: summons 3 hostile demons
  8644 | D:1      | Noticed a sun demon
  8644 | D:1      | Noticed a smoke demon
  9449 | D:1      | XOM: summons 4 hostile shadow creatures
  9464 | D:2      | XOM: draining
  9494 | D:2      | XOM: give mutations
  9494 | D:2      | Gained mutation: You are very dopey. (Int -4) [Xom's
                  | mischief]
  9494 | D:2      | Lost mutation: You frequently scream uncontrollably at your
                  | foes. [Xom's mischief]
  9494 | D:2      | Gained mutation: You have hidden genetic potential. [Xom's
                  | mischief]
  9494 | D:2      | Gained mutation: You occasionally lose the ability to drink
                  | potions when taking damage. [Xom's mischief]
  9564 | D:2      | XOM: 1-stop teleportation journey
  9643 | D:1      | XOM is BORED!
  9643 | D:1      | XOM: summons 3 hostile demons
  9644 | D:1      | Noticed a hellwing
  9644 | D:1      | Noticed a sun demon
  9644 | D:1      | Noticed a hellwing
  9783 | D:1      | XOM: stat loss: -1 Str (9/11)
 10976 | D:1      | Glimpsed the power of Zot.
 11170 | D:1      | XOM: give mutations
 11170 | D:1      | Lost mutation: You have hidden genetic potential. [Xom's
                  | mischief]
 11170 | D:1      | Lost mutation: Your body often deteriorates upon taking
                  | damage. [Xom's mischief]
 11180 | D:1      | XOM: god gift: robe {god gift}
 11476 | D:1      | Glimpsed the power of Zot.
 11887 | D:1      | XOM: summons 2 hostile shadow creatures
 11948 | D:1      | XOM is BORED!
 12042 | D:1      | XOM: summons 3 hostile demons
 12102 | D:2      | XOM: give mutations
 12102 | D:2      | Gained mutation: Your body often deteriorates upon taking
                  | damage. [Xom's mischief]
 12102 | D:2      | Gained mutation: You sometimes lose the ability to read
                  | scrolls when taking damage. [Xom's mischief]
 12102 | D:2      | Lost mutation: Your body often deteriorates upon taking
                  | damage. [Xom's mischief]
 12102 | D:2      | Lost mutation: You occasionally lose the ability to drink
                  | potions when taking damage. [Xom's mischief]
 12271 | D:2      | XOM: stat loss: -1 Str (8/11)
 12329 | D:2      | XOM: noise
 13293 | D:1      | XOM: god gift: scroll labelled LAACKO FUXYN {god gift}
 13335 | D:1      | XOM: god gift: ring mail {god gift}
 13946 | D:1      | XOM: scenery: summon butterflies
 14159 | D:1      | XOM is BORED!
 14746 | D:1      | XOM: god gift: book of Touch
 14887 | D:1      | XOM: give mutation
 14887 | D:1      | Gained mutation: You expend magic power (3 MP) to
                  | strengthen your wands. [Xom's grace]
 16919 | D:1      | XOM: give mutations
 16919 | D:1      | Gained mutation: Your spells are a little harder to cast,
                  | but a little more powerful. [Xom's grace]
 16919 | D:1      | Gained mutation: You are robust. (+10% HP) [Xom's grace]
 16919 | D:1      | Gained mutation: One of your tentacles bears a spike.
                  | [Xom's grace]
 16973 | D:1      | Glimpsed the power of Zot.
 17196 | D:1      | XOM: give mutation
 17196 | D:1      | Gained mutation: You are partially covered in iridescent
                  | scales. (AC +2) [Xom's grace]
 17473 | D:1      | Glimpsed the power of Zot.
 17868 | D:3      | Glimpsed the power of Zot.
 18223 | D:2      | XOM: silly message
 18304 | D:2      | XOM: silly message
 18379 | D:2      | XOM: 2-stop teleportation journey
 18703 | D:2      | XOM: give mutations
 18703 | D:2      | Lost mutation: Your flesh is cold resistant. (rC+) [Xom's
                  | mischief]
 18703 | D:2      | Lost mutation: You are robust. (+10% HP) [Xom's mischief]
 18703 | D:2      | Lost mutation: You occasionally shout uncontrollably at
                  | your foes. [Xom's mischief]
 19462 | D:2      | XOM: noise
 19824 | D:2      | XOM: give mutation
 19824 | D:2      | Lost mutation: You are very clumsy. (Dex -4) [Xom's
                  | mischief]
 20079 | D:2      | XOM is BORED!
 20079 | D:2      | XOM: give mutation
 20079 | D:2      | Lost mutation: You expend magic power (3 MP) to strengthen
                  | your wands. [Xom's mischief]
 20781 | D:2      | XOM: noise
 21216 | D:2      | XOM: silly message
 21276 | D:2      | XOM: noise
 21282 | D:2      | XOM: cloud trail
 21539 | D:2      | XOM: divination: detect creatures
 21933 | D:2      | XOM is BORED!
 22414 | D:2      | XOM: give mutations
 22414 | D:2      | Gained mutation: You are partially covered in large bone
                  | plates. (SH +4) [Xom's grace]
 22414 | D:2      | Gained mutation: Your spells are harder to cast, but more
                  | powerful. [Xom's grace]
 22414 | D:2      | Gained mutation: You expend magic power (3 MP) to
                  | strengthen your wands. [Xom's grace]
 22414 | D:2      | Gained mutation: Your flesh is cold resistant. (rC+) [Xom's
                  | grace]
 22555 | D:2      | XOM: silly message
 22964 | D:2      | Glimpsed the power of Zot.
 23030 | D:2      | XOM: god gift: 28 gold pieces
 23203 | D:2      | XOM: give mutations
 23203 | D:2      | Lost mutation: One of your tentacles bears a spike. [Xom's
                  | mischief]
 23203 | D:2      | Lost mutation: You are clumsy. (Dex -2) [Xom's mischief]
 23203 | D:2      | Lost mutation: Your body sometimes deteriorates upon taking
                  | damage. [Xom's mischief]
 23203 | D:2      | Lost mutation: You are partially covered in iridescent
                  | scales. (AC +2) [Xom's mischief]
 23464 | D:2      | Glimpsed the power of Zot.
 23783 | D:5      | Entered Level 5 of the Dungeon
 23800 | D:4      | Killed themself with a badly aimed iceblast

Illustrated notes

Levels and vault maps discovered:
D:1:      psy_arrival_basics, layout_loops_cross, serial_bayou_pond_a
D:2:      layout_rooms, basic_altar
D:3:      kennysheep_six_static_rooms, layout_basic, kennysheep_boxes,
          uniq_crazy_yiuf_cottage
D:4:      layout_cave_pods, minmay_temple_entry_wispy, serial_glass,
          glass_columns_b, glass_columns_c, minmay_hedge_maze,
          serial_park_tiny_pond, minmay_misc_feat_tower
D:5:      layout_rooms, cheibrodos_sewer_entry_bend, uniq_menkaure

Skill      XL: |  1  2  3  4 |
---------------+-------------+-----
Maces & Flails | 4 |  4.3
Dodging        | 3 |  3.1
Fighting       | |  3.7

Action                   |  1- 3 |  4- 6 || total
-------------------------+-------+-------++-------
Melee: Mace              |    71 |    50 ||   121
       Tentacles         |     5 |     8 ||    13
       Constrict         |    12 |    13 ||    25
       Punch             |     1 |       ||     1
       Kick              |       |     8 ||     8
Evoke: Wand              |       |     2 ||     2
  Use: Potion            |     2 |     4 ||     6
       Scroll            |       |     1 ||     1
 Stab: Sleeping          |     3 |     1 ||     4
       Paralysed         |       |     1 ||     1
Armor: Skin              |     3 |     7 ||    10
Dodge: Dodged            |    66 |    47 ||   113
Block: Other             |       |     5 ||     5

Table legend: (Time is in decaauts)
 A = Elapsed time spent in this place.
 B = Non-inter-level travel time spent in this place.
 C = Inter-level travel time spent in this place.
 D = Time resting spent in this place.
 E = Time spent auto-exploring this place.
 F = Levels seen in this place.
 G = Mean time per level.
                   A        B        C        D        E       F      G
               +--------+--------+--------+--------+--------+-----+--------+
         Total |  23836 |  23616 |    220 |  21996 |   1113 |   5 | 4767.2 |
       Dungeon |  23836 |  23616 |    220 |  21996 |   1113 |   5 | 4767.2 |
               +--------+--------+--------+--------+--------+-----+--------+

Top non-repeatable levels by time:
     D:1: 15704 daAuts
     D:2: 7603 daAuts
     D:3: 441 daAuts
     D:4: 77 daAuts
     D:5: 9 daAuts
